 Dungeon Crawl Stone Soup version 0.20.0 (webtiles) character file.

130 Llamajah the Skirmisher (level 5, -4/43 HPs)
             Began as a Barachi Fighter on June 27, 2017.
             Was an Initiate of Okawaru.
             Killed by nerve-wracking pain
             ... invoked by an orc priest
              (6 damage)
             ... on level 4 of the Dungeon.
             The game lasted 00:04:52 (2236 turns).

Llamajah the Skirmisher (Barachi Fighter)           Turns: 2236, Time: 00:04:52

Health: -4/43      AC:  7    Str: 18    XL:     5   Next: 14%
Magic:  5/5        EV:  8    Int:  8    God:    Okawaru [......]
Gold:   98         SH:  9    Dex: 12    Spells: 4/4 levels left

rFire    . . .     SeeInvis .   a - +0 long sword
rCold    . . .     Gourm    .   c - +0 shield
rNeg     . . .     Faith    .   b - +0 scale mail
rPois    .         Spirit   .   (no helmet)
rElec    .         Reflect  .   (no cloak)
rCorr    .         Harm     .   (no gloves)
MR       .....                  (no boots)
Stlth    ..........             (no amulet)
Regen    0.2/turn               (no ring)
MPRegen  0.1/turn               (no ring)

@: can't hop, slow
A: +LOS, swims, slowness 1, strong legs 1
a: Hop, Renounce Religion


You were on level 4 of the Dungeon.
You worshipped Okawaru.
Okawaru was noncommittal.
You were not hungry.

You visited 1 branch of the dungeon, and saw 4 of its levels.

You collected 98 gold pieces.

Inventory:

Hand Weapons
 a - a +0 long sword (weapon)
Armour
 b - a +0 scale mail (worn)
 c - a +0 shield (worn)
Scrolls
 e - a scroll of magic mapping {unknown}
 g - 2 scrolls of identify {unknown}
 j - 3 scrolls of enchant weapon {unknown}
 l - 2 scrolls of amnesia {unknown}
 m - 2 scrolls of blinking {unknown}
 o - a scroll of teleportation {unknown}
 q - a scroll of enchant armour {unknown}
 r - a scroll of noise {unknown}
 s - a scroll of immolation {unknown}
Potions
 k - 2 potions of mutation {unknown}
 n - a potion of flight {unknown}
Comestibles
 d - a meat ration
 f - 3 bread rations
 h - 4 fruits
 i - 3 royal jellies


   Skills:
 + Level 4.4 Fighting
 + Level 3.4 Long Blades
 + Level 4.2 Armour
 * Level 3.2 Dodging
 - Level 3.2 Shields


You had 4 spell levels left.
You didn't know any spells.

Dungeon Overview and Level Annotations

Branches:
Dungeon (4/15)
 Temple: D:4-7

Altars:
Okawaru
Zin

Annotations:
D:4 Natasha


Innate Abilities, Weirdness & Mutations

Shadows flee at your approach. (+LOS)
You can swim through water.
You cover ground slowly.
You can hop short distances.


Message History

The orc priest hits you but does no damage.
The orc hits you but does no damage.
You barely miss the orc priest.
The orc priest is lightly wounded.
You block Natasha's attack.
An orc opens the door.
The orc priest barely misses you. You block the orc's attack.
You hit the orc priest.
The orc priest is heavily wounded.
You block Natasha's attack. The orc priest barely misses you.
You riposte.
You hit the orc priest.
The orc priest is severely wounded.
The orc hits you but does no damage. The orc hits you with a club.
* * * LOW HITPOINT WARNING * * *
You block Natasha's attack. 2 orcs come into view.
You hit the orc priest.
The orc priest is severely wounded.
The orc priest mumbles some strange prayers to Beogh against you.
Pain shoots through your body!
You die...

###+# ###...# .
.....+ #.. ....#
.... # #...#
..... #..###.oo#
......
..$...ooo#.......
.....ooh@'.......
#####?##o######..
#o# ... ..o #####


You could see 2 orc priests, Natasha and 8 orcs.

Vanquished Creatures
  Natasha (D:3)
  A gnoll (D:2)
  4 adders (D:2)
  An ooze (D:2)
  A worm (D:2)
  3 dart slugs
  A leopard gecko (D:3)
  2 orcs (D:2)
  3 bats
  3 giant cockroaches
  8 goblins
  5 hobgoblins
  2 frilled lizards (D:1)
  9 kobolds
  2 rats (D:1)
46 creatures vanquished.

Notes
Turn   | Place    | Note
-------+----------+-------------------------------------------
     0 | D:1      | Llamajah the Barachi Fighter began the quest for the Orb.
     0 | D:1      | Reached XP level 1. HP: 18/18 MP: 1/1
   109 | D:1      | Reached XP level 2. HP: 19/25 MP: 2/2
   176 | D:1      | Reached skill level 1 in Dodging
   511 | D:1      | Reached XP level 3. HP: 29/30 MP: 3/3
   624 | D:2      | Found a glowing silver altar of Zin.
   840 | D:2      | Found an iron altar of Okawaru.
   890 | D:2      | Became a worshipper of Warmaster Okawaru
  1136 | D:2      | Reached XP level 4. HP: 37/37 MP: 4/4
  1921 | D:3      | Noticed Natasha
  1939 | D:3      | Killed Natasha
  1939 | D:3      | Reached XP level 5. HP: 27/43 MP: 5/5
  2214 | D:3      | Noticed Natasha
  2235 | D:4      | HP: 2/43 [orc/club (3)]
  2236 | D:4      | Killed from afar by an orc priest

Skill      XL: |  1  2  3  4 |
---------------+-------------+-----
Dodging        | 1 2 3 |  3.2
Fighting       | 4 |  4.4
Long Blades    | 3 |  3.4
Armour         | 4 |  4.2
Shields        | |  3.2

Action                   |  1- 3 |  4- 6 || total
-------------------------+-------+-------++-------
Melee: Long sword        |    86 |    97 ||   183
 Abil: Hop               |       |     1 ||     1
  Use: Potion            |     1 |       ||     1
  Eat: Chunk             |     1 |     4 ||     5
Armor: Scale mail        |    30 |    65 ||    95
Dodge: Dodged            |    24 |    34 ||    58
Block: Shield            |    32 |    60 ||    92
       Rpst.: Long sword |     7 |     7 ||    14
